 Dungeon Sprint DCSS version 0.21.1-1-g345015f (webtiles) character file.

1020 wilfster70 the Covert (level 8, -2/36 HPs)
             Began as a Spriggan Enchanter on Feb 23, 2018.
             Was an Initiate of Dithmenos.
             Slain by a deep troll (12 damage)
             ... in the Dungeon (Sprint I: "Red Sonja").
             The game lasted 00:02:28 (196 turns).

wilfster70 the Covert (Spriggan Enchanter)           Turns: 196, Time: 00:02:29

Health: -2/36      AC:  4    Str:  4    XL:     8   Next: 2%
Magic:  21/23      EV: 18    Int: 18    God:    Dithmenos [......]
Gold:   324        SH:  0    Dex: 17    Spells: 21/27 levels left

rFire    . . .     SeeInvis +   a - +1 dagger (venom)
rCold    . . .     Gourm    .   (shield restricted)
rNeg     . . .     Faith    .   m - +2 robe {MR+}
rPois    .         Spirit   .   (helmet restricted)
rElec    .         Reflect  .   (no cloak)
rCorr    .         Harm     .   (gloves unavailable)
MR       ++...     NoTele   +   (boots unavailable)
Stlth    +++++.....             (no amulet)
HPRegen  0.12/turn              (no ring)
MPRegen  0.18/turn              (no ring)

@: very quick
A: very small, unfitting armour, see invisible, herbivore, speed 3, slow
metabolism 2
a: Renounce Religion


You were in the Dungeon.
You worshipped Dithmenos.
Dithmenos was noncommittal.
You were not hungry.

You visited 1 branch You collected 405 gold pieces.
You spent 81 gold pieces at shops.

Inventory:

Hand Weapons
 a - a +1 dagger of venom (weapon)
Armour
 m - a +2 robe of magic resistance (worn)
Wands
 k - a wand of flame (31)
 l - a wand of polymorph (17)
Scrolls
 j - a scroll of blinking
Potions
 e - a potion of curing
 f - a potion of heal wounds
 g - a potion of haste
 h - 2 potions of magic
 i - a potion of berserk rage
Books
 c - a book of Maledictions

   Spells                             Type                      Level
   a - Corona                         Hexes                        1
   b - Ensorcelled Hibernation        Hexes/Ice                    2
   c - Confuse                        Hexes                        3
   d - Tukima's Dance                 Hexes                        3
   e - Dazzling Spray                 Conjuration/Hexes            3
Comestibles
 d - a ration


   Skills:
 + Level 9.0 Short Blades
 - Level 3.0 Dodging
 + Level 12.9 Stealth
 + Level 10.1 Spellcasting
 + Level 10.3 Hexes
 + Level 5.5 Ice Magic


You had 21 spell levels left.
You knew the following spells:

 Your Spells              Type           Power        Failure   Level  Hunger
a - Corona                Hex            #####..      1%          1    None
b - Ensorcelled Hibernat  Hex/Ice        #####.       1%          2    None
c - Confuse               Hex            #####...     1%          3    None


Dungeon Overview and Level Annotations

Branches:
Dungeon (1/1)

Altars:
Cheibriados
Dithmenos
Elyvilon
Fedhas
Gozag
Hepliaklqana
Kikubaaqudgha
Nemelex Xobeh
Okawaru
Qazlal
Ru
Sif Muna
Trog
Uskayaw
Vehumet
Wu Jian
Yredelemnul
Zin
The Shining One

Shops:
D [*


Innate Abilities, Weirdness & Mutations

You are very small and have problems with some larger weapons.
You are too small for most types of armour.
You have supernaturally acute eyesight. (SInv)
You are a herbivore.
You cover ground extremely quickly.
You need consume almost no food.


Message History

Drop what? 13/52 slots (_ for help) (? for menu, Esc to quit)
You drop a +0 robe.
There is an open door here.
You open the door.
A deep troll comes into view.
Found 108 gold pieces.
There is an open door here.
You see here 27 gold pieces.
The deep troll shouts!
The deep troll misses you. The deep troll claws you. The deep troll claws you!
You see here 27 gold pieces.
Cast which spell? (? or * to list)
Aiming: Ensorcelled Hibernation
Press: ? - help, Shift-Dir - straight line, f - deep troll
Aim: a deep troll (chance to defeat MR: 48%)
The deep troll resists with some effort.
The deep troll bites you.
* * * LOW HITPOINT WARNING * * *
The deep troll claws you!
You die...

#..#####'#####'#
#..####..#...#[#
#..#__####..##!#
#..#_____##'#_.+
#⌠⌠#_.∩..†'..._#
####_..__##_.#+#
#_____###'#
############.####+###
#∩........'...'$@T$$+
###++++####.).#######
##.## #+#


You could see a deep troll.

Vanquished Creatures
  Sonja (D)
  Sigmund (D)
  A yak (D)
  An ogre (D)
  A jelly (D)
  Ijyb (D)
6 creatures vanquished.

Notes
Turn   | Place    | Note
-------+----------+-------------------------------------------
     0 | D        | wilfster70 the Spriggan Enchanter began the quest for the Orb.
     0 | D        | Reached XP level 1. HP: 9/9 MP: 5/5
     1 | D        | Noticed Ijyb
     6 | D        | Killed Ijyb
     6 | D        | Reached skill level 6 in Stealth
     6 | D        | Reached skill level 5 in Hexes
     6 | D        | Reached XP level 2. HP: 13/13 MP: 6/8
    16 | D        | Learned a level 2 spell: Ensorcelled Hibernation
    31 | D        | Noticed an ogre
    34 | D        | Killed an ogre
    34 | D        | Reached skill level 8 in Stealth
    34 | D        | Reached XP level 3. HP: 16/16 MP: 8/11
    34 | D        | Reached XP level 4. HP: 21/21 MP: 9/13
    72 | D        | Noticed Sigmund
    75 | D        | Killed Sigmund
    75 | D        | Reached skill level 10 in Stealth
    75 | D        | Reached XP level 5. HP: 24/24 MP: 14/16
    80 | D        | Learned a level 3 spell: Confuse
    99 | D        | Found a deep blue altar of Sif Muna.
   100 | D        | Found an ornate altar of the Wu Jian Council.
   101 | D        | Found a radiant altar of Vehumet.
   105 | D        | Reached XP level 6. HP: 28/28 MP: 17/17
   120 | D        | Found Jutuew's Assorted Antiques.
   120 | D        | Found an ancient bone altar of Kikubaaqudgha.
   120 | D        | Found a hazy altar of Hepliaklqana.
   120 | D        | Found a hide-covered altar of Uskayaw.
   120 | D        | Found a basalt altar of Yredelemnul.
   120 | D        | Found an opulent altar of Gozag.
   120 | D        | Found a snail-covered altar of Cheibriados.
   120 | D        | Found a sacrificial altar of Ru.
   120 | D        | Found a shadowy altar of Dithmenos.
   120 | D        | Noticed a yak
   121 | D        | Found a stormy altar of Qazlal.
   121 | D        | Found a blossoming altar of Fedhas.
   121 | D        | Found a bloodstained altar of Trog.
   121 | D        | Found an iron altar of Okawaru.
   121 | D        | Found a glowing golden altar of the Shining One.
   121 | D        | Found a glowing silver altar of Zin.
   121 | D        | Found a white marble altar of Elyvilon.
   122 | D        | Killed a yak
   122 | D        | Reached skill level 11 in Stealth
   123 | D        | Found a sparkling altar of Nemelex Xobeh.
   129 | D        | Became a worshipper of Dithmenos the Shadowed
   137 | D        | Noticed Sonja
   141 | D        | Killed Sonja
   141 | D        | Reached skill level 12 in Stealth
   141 | D        | Reached skill level 10 in Spellcasting
   141 | D        | Reached skill level 10 in Hexes
   141 | D        | Reached skill level 5 in Ice Magic
   141 | D        | Reached XP level 7. HP: 32/32 MP: 18/21
   141 | D        | Reached XP level 8. HP: 36/36 MP: 19/23
   161 | D        | Found Qohid's Antique Armour Boutique.
   169 | D        | Bought a runed robe for 81 gold pieces
   192 | D        | Noticed a deep troll
   196 | D        | Slain by a deep troll

Skill      XL: |  1  2  3  4  5  6 |
---------------+-------------------+-----
Short Blades   | 3 4 6 9 |  9.0
Stealth        | 6 8 10 12 | 12.9
Spellcasting   | 4 6 7 10 | 10.1
Hexes          | 5 6 8 10 | 10.3
Ice Magic      | 2 3 5 |  5.5
Dodging        | |  3.0

Action                   |  1- 3 |  4- 6 |  7- 9 || total
-------------------------+-------+-------+-------++-------
Melee: Dagger            |     4 |     4 |       ||     8
 Cast: Ensorcelled Hiber |       |       |     1 ||     1
 Stab: Sleeping          |     2 |     4 |       ||     6
Dodge: Dodged            |     2 |       |     1 ||     3
